 Dungeon Crawl Stone Soup version 0.15-a0-1866-g491fd59 (webtiles) character file.

5888 PolkaDot the Spear-Bearer (level 10, 0/77 HPs)
             Began as a Hill Orc Fighter on July 4, 2014.
             Was a High Priest of Beogh.
             Succumbed to Sonja's poison
             ... on Level 10 of the Dungeon.
             The game lasted 00:40:37 (8609 turns).

PolkaDot the Spear-Bearer (Hill Orc Fighter)        Turns: 8609, Time: 00:40:37

HP   0/77        AC 19     Str 20      XL: 10   Next: 82%
MP  10/10        EV  6     Int  8      God: Beogh [*****.]
Gold 603         SH  0     Dex 17      Spells:  0 memorised,  9 levels left

rFire  + . .     SeeInvis .     c - +0 halberd (curse)
rCold  + . .     Clarity  .     e - +1 plate armour
rNeg   . . .     rCorr    .     (no shield)
rPois  +         rRot     .     i - +2 hat
rElec  +         Spirit   .     (no cloak)
SustAb .         Warding  .     (no gloves)
rMut   .         Stasis   .     (no boots)
Gourm  .                        j - amulet of rage
MR     .....                    (no ring)
                                t - +4 ring of dexterity

@: lethally poisoned, resistant, very slightly contaminated, slowed, invisible,
very slow, not resistant to hostile enchantments, extremely unstealthy
A: walk on water, blurry vision 1, fast metabolism 1, evolution 1
a: Smiting, Recall Orcish Followers, Give Item to Named Follower, Renounce
Religion, Evoke Berserk Rage


You were on level 10 of the Dungeon.
You worshipped Beogh.
Beogh was extremely pleased with you.
You were not hungry.

You visited 1 branch of the dungeon, and saw 10 of its levels.
You also visited: Ossuary.

You collected 603 gold pieces.

Inventory:

Hand weapons
 c - a cursed +0 halberd (weapon)
Missiles
 I - a throwing net (quivered)
Armour
 e - a +1 plate armour (worn)
 i - a +2 hat (worn)
Magical devices
 o - a wand of magic darts (18)
 K - a wand of frost (6)
 P - a wand of invisibility (2)
Comestibles
 a - a chunk of hobgoblin flesh {@w1}
 b - 9 rotting chunks of yak flesh {@w1}
 d - 3 meat rations
 f - 9 beef jerkies
 n - a chunk of rat flesh {@w1}
 u - 8 bread rations
 v - a chunk of bat flesh {@w1}
 z - a royal jelly
 C - 2 fruits
 H - 3 chunks of tengu flesh {@w1}
Scrolls
 g - a scroll of enchant armour
 k - 2 scrolls of teleportation
 m - 3 scrolls of magic mapping
 p - a scroll of amnesia
 q - a scroll of fear
 r - a scroll of enchant weapon
 y - a scroll of remove curse
 B - 3 scrolls of blinking
Jewellery
 j - an amulet of rage (around neck)
 t - a +4 ring of dexterity (left hand)
 A - a cursed ring of wizardry
Potions
 l - 2 potions of mutation {!q}
 s - 4 potions of restore abilities
 w - a potion of haste
 x - a potion of resistance
 D - a potion of paralysis {!q}
 E - 2 potions of magic {unknown}
 F - a potion of poison {unknown}


   Skills:
 - Level 3.6 Fighting
 * Level 14.0 Polearms
 + Level 10.2 Armour
   Level 3.2 Shields


You had 9 spell levels left.
You didn't know any spells.

Dungeon Overview and Level Annotations

Branches:
Dungeon (10/15)            Temple (0/1) D:7            Lair (0/8) D:10
    Orc: D:9-12

Altars:
Dithmenos
Fedhas
Sif Muna
Xom

Shops:
D:5 }

Annotations:
D:6 Prince Ribbit


Innate Abilities, Weirdness & Mutations

You can walk on water.
Your vision is a little blurry.
You have a fast metabolism.
You evolve.


Message History

The bat hits your orc warrior but does no damage.
Your orc warrior hits the yak skeleton.
Your orc priest shimmers for a moment.
Your orc priest becomes somewhat translucent.
The yak skeleton closely misses your orc warrior.
Attack whom?
Press: ? - help, Dir - move target cursor, f/p - yak skeleton
Aim: a yak skeleton You reach to attack!
You hit the yak skeleton.
* * * LOW HITPOINT WARNING * * *
You feel very sick.
Your orc warrior looks more healthy.
The bat hits your orc priest.
Your orc warrior hits the yak skeleton.
Your orc warrior hits the yak skeleton.
The yak skeleton gores your orc warrior.
Drink which item? (? for menu, Esc to quit)
You feel protected.
It was a potion of resistance.
You have got your breath back.
You die...

#########
##########(.(....#######
....b%Zo..(.P.P..........
....oooo@................
....o..)P.P.PP.P.......#.
....o...PP..PP.....P..#.
....PP.PP.P.P..PPP......
......P.PPPPPPP.P.P%....


..P.PPP.P.PPP.P..PP).P. ...PPPP.PPPP.P.PPP)%.. ...P..PPP>.PPPP.P(... P..
PPP.PPPP.P.. You could see a bat, a yak skeleton, 3 friendly orc warriors, 3
friendly orc priests and a friendly orc.

Vanquished Creatures
  A raven (D:10)
  A troll (D:6)
  3 yaks (D:9)
  A steam dragon (D:8)
  2 sky beasts
  5 ogres
  An ice beast (D:6)
  A centaur (D:5)
  3 phantoms
  Duvessa (D:7)
  6 giant frogs
  3 killer bees (D:7)
  5 wights
  Dowan (D:7)
  2 crimson imps
  2 hounds
  A centaur zombie (D:6)
  5 orc priests
  4 goliath beetles
  2 quasits (D:7)
  4 human zombies (Ossuary)
  A giant frog zombie (D:8)
  A jelly (D:7)
  4 orc wizards
  Natasha (thrice) (D:6)
  5 worker ants
  6 big kobold zombies (Ossuary)
  A killer bee zombie (D:10)
  Ijyb (D:7)
  A dwarf skeleton (D:7)
  An ogre skeleton (D:4)
  A hound zombie (Ossuary)
  3 mummies (Ossuary)
  12 adders
  2 shadow imps
  A steam dragon skeleton (D:5)
  4 giant mites
  A white imp (D:6)
  2 worms
  2 adder zombies (Ossuary)
  4 giant geckos
  An ooze (D:4)
  16 orcs
  A ball python (D:5)
  A bat skeleton (D:6)
  7 goblins
  19 hobgoblins
  7 jackals
  16 kobolds
  4 quokkas
  15 bats
  5 giant cockroaches
  5 giant newts
  A giant newt zombie (D:7)
  2 gnoll zombies (Ossuary)
  A goblin skeleton (D:5)
  3 goblin zombies
  A hobgoblin skeleton (D:4)
  6 hobgoblin zombies
  5 jackal zombies
  4 kobold zombies (Ossuary)
  An orc zombie (Ossuary)
  2 quokka zombies (Ossuary)
  15 rats
  2 rat skeletons
  6 rat zombies
  2 ballistomycetes (D:8)
258 creatures vanquished.

Vanquished Creatures (collateral kills)
  2 tengu warriors (D:10)
  Sonja (D:10)
  Eustachio (D:7)
  2 yaks (D:9)
  A yellow wasp (D:8)
  An ice beast (D:7)
  A centaur (D:8)
  2 giant frogs (D:8)
  A big kobold (D:8)
  An eye of draining (D:8)
  2 killer bees (D:7)
  2 wights (D:10)
  2 hounds
  A crimson imp (D:8)
  An iguana (D:7)
  A worker ant (D:8)
  An orc wizard (D:7)
  An orc (D:7)
  4 bats (D:10)
  5 kobolds (D:8)
  3 rats
  A ballistomycete (D:8)
37 creatures vanquished.

Vanquished Creatures (others)
  3 orc wizards (D:8)
  8 orcs
  A giant spore (D:8)
12 creatures vanquished.

Grand Total: 307 creatures vanquished

Notes
Turn   | Place    | Note
--------------------------------------------------------------
     0 | D:1      | PolkaDot, the Hill Orc Fighter, began the quest for the Orb.
     0 | D:1      | Reached XP level 1. HP: 19/19 MP: 1/1
    49 | D:1      | Reached XP level 2. HP: 26/26 MP: 2/2
   304 | D:1      | Reached XP level 3. HP: 31/31 MP: 3/3
   485 | D:2      | Reached skill level 4 in Polearms
   875 | D:2      | Reached XP level 4. HP: 39/39 MP: 4/4
  1404 | D:3      | Reached skill level 5 in Polearms
  1606 | D:3      | Reached XP level 5. HP: 42/45 MP: 5/5
  2225 | D:4      | Found a blossoming altar of Fedhas.
  2526 | D:4      | Noticed an ogre
  2538 | D:4      | Killed an ogre
  2538 | D:4      | Reached skill level 6 in Polearms
  2538 | D:4      | Reached XP level 6. HP: 29/51 MP: 6/6
  2771 | D:4      | Noticed an ogre
  2778 | D:4      | Killed an ogre
  2778 | D:4      | Reached skill level 7 in Polearms
  2778 | D:4      | Reached XP level 7. HP: 35/57 MP: 7/7
  3052 | D:4      | Became a worshipper of Beogh the Brigand
  3172 | D:5      | Entered Level 5 of the Dungeon
  3212 | D:5      | Reached skill level 5 in Armour
  3398 | D:5      | Found Choep's Gadget Boutique.
  3431 | D:5      | Reached skill level 8 in Polearms
  3790 | D:5      | Reached XP level 8. HP: 60/64 MP: 8/8
  3837 | D:5      | Acquired Beogh's first power
  3837 | D:5      | Reached skill level 9 in Polearms
  4279 | D:6      | Noticed Natasha
  4321 | D:6      | Killed Natasha
  4349 | D:6      | Found a sand-covered staircase.
  4367 | Ossuary  | Entered an ossuary
  4410 | Ossuary  | Acquired Beogh's second power
  4680 | Ossuary  | Reached skill level 10 in Polearms
  4827 | D:6      | Acquired Beogh's third power
  4858 | D:6      | Noticed Natasha
  4877 | D:6      | Killed Natasha
  4923 | D:6      | Noticed Prince Ribbit
  4979 | D:6      | Reached XP level 9. HP: 44/70 MP: 9/9
  5117 | D:6      | Noticed a troll
  5135 | D:6      | Killed a troll
  5135 | D:6      | Reached skill level 11 in Polearms
  5178 | D:6      | Noticed Natasha
  5181 | D:6      | Killed Natasha
  5597 | D:7      | Noticed Ijyb
  5609 | D:7      | Killed Ijyb
  5649 | D:7      | Found a deep blue altar of Sif Muna.
  5649 | D:7      | Found a shadowy altar of Dithmenos.
  5678 | D:7      | Found a shimmering altar of Xom.
  5687 | D:7      | Noticed Dowan
  5772 | D:7      | Noticed Duvessa
  5783 | D:7      | Killed Duvessa
  5797 | D:7      | Killed Dowan
  5933 | D:7      | Gained mutation: Your vision is a little blurry. [potion of mutation]
  5933 | D:7      | Gained mutation: You evolve. [potion of mutation]
  5933 | D:7      | Gained mutation: You have a fast metabolism. [potion of mutation]
  5934 | D:7      | Paralysed by a potion of paralysis for 6 turns
  6273 | D:7      | Reached skill level 12 in Polearms
  6532 | D:7      | Acquired Beogh's fourth power
  6875 | D:7      | Found a deep blue altar of Sif Muna.
  6973 | D:7      | Noticed Eustachio
  6989 | D:7      | Killed Eustachio
  6989 | D:7      | Reached XP level 10. HP: 77/77 MP: 10/10
  7005 | D:7      | Found a staircase to the Ecumenical Temple.
  8243 | D:9      | Reached skill level 13 in Polearms
  8455 | D:10     | Entered Level 10 of the Dungeon
  8543 | D:10     | Noticed a tengu warrior
  8543 | D:10     | Noticed a tengu warrior
  8544 | D:10     | Found a staircase to the Lair.
  8550 | D:10     | Killed a tengu warrior
  8551 | D:10     | Reached skill level 10 in Armour
  8556 | D:10     | Killed a tengu warrior
  8557 | D:10     | Acquired Beogh's fifth power
  8594 | D:10     | Noticed Sonja
  8604 | D:10     | Killed Sonja
  8604 | D:10     | Reached skill level 14 in Polearms
  8609 | D:10     | Succumbed to Sonja's poison

Action                   |  1- 3 |  4- 6 |  7- 9 | 10-12 || total
-------------------------+-------+-------+-------+-------++-------
Melee: Trident           |   114 |   226 |   946 |   153 ||  1439
       Halberd           |       |       |       |    22 ||    22
Throw: Throwing net      |       |       |     1 |       ||     1
Invok: Convert to Beogh  |       |       |     1 |       ||     1
       Recall Orcish Fol |       |       |       |     2 ||     2
Evoke: Wand              |       |       |       |     3 ||     3
  Use: Potion            |       |       |    10 |     3 ||    13
       Scroll            |       |       |     9 |     8 ||    17
 Stab: Confused          |       |       |     2 |       ||     2
       Held in net/web   |       |       |     1 |       ||     1
       Distracted        |       |       |       |     3 ||     3
